 Dungeon Crawl Stone Soup version 0.25-a0-743-g84dc20635f (webtiles) character file.

Game seed: 16957184739171864595, levelgen mode: deterministic

15659 Murumi the Blocker (level 12, -12/97 HPs)
             Began as a Formicid Fighter on Mar 28, 2020.
             Was a High Priest of Okawaru.
             Mangled by a large slime creature (23 damage)
             ... on level 12 of the Dungeon on Apr 13, 2020.
             The game lasted 02:03:22 (15823 turns).

Murumi the Blocker (Formicid Fighter)              Turns: 15823, Time: 02:03:23

Health: -12/97     AC: 19    Str: 20    XL:     12   Next: 60%
Magic:  19/19      EV:  7    Int: 14    God:    Okawaru [*****.]
Gold:   768        SH: 13    Dex: 10    Spells: 11/11 levels left

rFire    . . .     SeeInvis +   a - +1 long sword
rCold    . . .     Gourm    .   c - +1 kite shield
rNeg     . . .     Faith    .   y - +0 plate armour
rPois    +         Spirit   .   (helmet unavailable)
rElec    .         Reflect  .   i - +0 cloak
rCorr    .         Harm     .   n - +0 pair of gloves
MR       +....                  j - +1 pair of boots
Stlth    ..........             s - amulet of regeneration
HPRegen  0.66/turn              d - ring of flight
MPRegen  0.16/turn              w - ring of poison resistance

@: no status effects
A: permanent stasis, dig shafts and tunnels, four strong arms, antennae 3
a: Dig, Shaft Self, Heroism, Finesse, Renounce Religion, Evoke Flight


You were on level 12 of the Dungeon.
You worshipped Okawaru.
Okawaru was extremely pleased with you.
You were not hungry.

You visited 2 branches of the dungeon, and saw 13 of its levels.
You also visited: Sewer.

You collected 768 gold pieces.

Inventory:

Hand Weapons
 a - a +1 long sword (weapon)
Missiles
 g - 62 bolts
Armour
 c - a +1 kite shield (worn)
 i - a +0 cloak (worn)
 j - a +1 pair of boots (worn)
 n - a +0 pair of gloves (worn)
 y - a +0 plate armour (worn)
Jewellery
 d - a ring of flight (left hand)
 s - an amulet of regeneration (around neck)
 w - a ring of poison resistance (right hand)
Wands
 e - a wand of flame (10)
 p - a wand of disintegration (14)
 q - a wand of paralysis (7)
 C - a wand of iceblast (3)
 E - a wand of polymorph (11)
Scrolls
 b - 2 scrolls of fog
 h - 9 scrolls of remove curse
 o - 3 scrolls of amnesia
 x - 3 scrolls of enchant armour
 z - a scroll of fear
 A - a scroll of enchant weapon
Potions
 l - a potion of brilliance
 m - a potion of ambrosia
 r - 2 potions of mutation
 t - a potion of flight
 u - 4 potions of curing
 v - 2 potions of heal wounds
 B - 3 potions of cancellation
 D - 2 potions of stabbing
Comestibles
 f - 24 rations


   Skills:
 - Level 10.1 Fighting
 - Level 9.2 Long Blades
 + Level 9.1 Armour
 - Level 3.3 Dodging
 - Level 10.4 Shields
 - Level 10.0 Invocations
 - Level 5.0 Evocations


You had 11 spell levels left.
You didn't know any spells.
Your spell library contained the following spells:

 Spells                   Type           Power        Failure   Level  Hunger
 Animate Skeleton         Necr           N/A          99%         1    ##.....
 Apportation              Tloc           #.....       99%         1    ##.....
 Magic Dart               Conj           #...         99%         1    ##.....
 Pain                     Necr           #...         99%         1    ##.....
 Sandblast                Erth           #.....       99%         1    ##.....
 Summon Butterflies       Summ           #.......     99%         1    ##.....
 Passwall                 Tmut/Erth      #.......     100%        2    ###....
 Searing Ray              Conj           #.....       100%        2    ###....
 Dazzling Flash           Conj/Hex       #.....       100%        3    ####...
 Lesser Beckoning         Tloc           #.........   100%        3    ####...
 Stone Arrow              Conj/Erth      #.....       100%        3    ####...
 Tukima's Dance           Hex            #.......     100%        3    ####...
 Vampiric Draining        Necr           #.........   100%        3    ####...
 Animate Dead             Necr           N/A          100%        4    #####..
 Fulminant Prism          Conj/Hex       #.........   100%        4    #####..
 Iskenderun's Mystic Bla  Conj/Tloc      #.......     100%        4    #####..
 Petrify                  Tmut/Erth      #.......     100%        4    #####..
 Agony                    Necr           #.......     100%        5    ######.
 Alistair's Intoxication  Tmut/Pois      #.......     100%        5    ######.
 Lee's Rapid Deconstruct  Erth           #.........   100%        5    ######.
 Invisibility             Hex            #.......     100%        6    #######


Dungeon Overview and Level Annotations

Branches:
Dungeon (12/15)            Temple (1/1) D:6            Lair (0/6) D:11
    Orc (0/2) D:11          Sewer (visited)

Altars:
Ashenzari
Cheibriados
Dithmenos
Elyvilon
Fedhas
Gozag
Hepliaklqana
Kikubaaqudgha
Makhleb
Nemelex Xobeh
Okawaru
Qazlal
Ru
Sif Muna
Trog
Uskayaw
Vehumet
Wu Jian
Xom
Yredelemnul
Zin
The Shining One


Innate Abilities, Weirdness & Mutations

You cannot be hasted, slowed, berserked, paralysed or teleported.
You can dig through walls and to a lower floor.
Your four strong arms can wield two-handed weapons with a shield.
You have a pair of large antennae on your head. (SInv)


Message History

You hit the large slime creature.
The large slime creature is moderately wounded.
You hit the large slime creature.
The large slime creature is moderately wounded.
You slash the large slime creature!
The large slime creature is moderately wounded.
You hear the deafening beating of a distant drum.
The large slime creature hits you but does no damage.
You slash the large slime creature!
The large slime creature is heavily wounded.
The large slime creature hits you!
* * * LOW HITPOINT WARNING * * *
Your plate armour prevents you from hitting the large slime creature.
The large slime creature is heavily wounded.
The large slime creature hits you.
* * * LOW HITPOINT WARNING * * *
You slash the large slime creature!
The large slime creature is heavily wounded.
The large slime creature hits you!!
You die...

#...........# #...........#
#...........+ #...........#
#...........#######.#
#......>....'{......#
#.^)........#.######
#...........##J#
#..........J#@###
#..........J###.##
####...........##.#.#
...................#######...
.....#######........#..u...#
.....# #........'.######
.....# #.......##......#
.....# #.......#######.J
.....# #.......# {


You could see a large slime creature.

Vanquished Creatures
  Erolcha (D:10)
  2 two-headed ogres (D:11)
  A death yak (D:11)
  Urug (D:10)
  Pikel (D:5)
  2 ugly things
  A manticore (D:11)
  An elephant (D:11)
  A cyclops (D:11)
  2 trolls
  2 hornets
  Prince Ribbit (D:9)
  A slime creature (D:12)
  2 hippogriffs
  3 wyverns
  A spriggan (D:7)
  Eustachio (D:6)
  2 basilisks (D:11)
  Grum (D:10)
  A hungry ghost (D:9)
  A water moccasin (D:10)
  A swamp drake (D:11)
  A black bear (D:8)
  5 sky beasts
  2 ice beasts
  7 orc warriors
  5 ogres
  2 phantoms
  2 wolves (D:10)
  8 centaurs
  3 crocodiles
  7 bullfrogs
  A big kobold (Sewer)
  7 scorpions
  A wyvern skeleton (D:9)
  14 killer bees
  A howler monkey (D:5)
  An electric eel (D:11)
  6 crimson imps
  2 bullfrog zombies (D:11)
  A centaur zombie (D:7)
  6 hounds
  A gnoll shaman (D:7)
  4 jellies
  9 orc priests
  2 centaur skeletons
  2 bullfrog skeletons
  19 orc wizards
  Ijyb (D:3)
  Jessica (D:3)
  5 iguanas
  6 worker ants
  2 hound zombies
  A mummy (D:6)
  A worker ant zombie (D:10)
  4 gnolls
  2 river rats
  17 adders
  A howler monkey skeleton (D:7)
  An ooze (D:1)
  An adder zombie (D:5)
  3 adder skeletons
  5 worms
  6 dart slugs
  10 leopard geckos
  46 orcs
  4 ball pythons
  8 bats
  6 giant cockroaches
  A hobgoblin (D:3)
  12 jackals
  3 quokkas
  4 frilled lizards
  8 goblins
  A goblin zombie (D:6)
  A hobgoblin zombie (D:6)
  A jackal skeleton (D:5)
  16 kobolds
  A leopard gecko zombie (D:7)
  19 rats
347 creatures vanquished.

Vanquished Creatures (others)
  A worker ant (D:10)
  2 fungi (D:11)
  A plant (D:11)
4 creatures vanquished.

Grand Total: 351 creatures vanquished

Notes
Turn   | Place    | Note
-------+----------+-------------------------------------------
     0 | D:1      | Murumi the Formicid Fighter began the quest for the Orb.
     0 | D:1      | Reached XP level 1. HP: 18/18 MP: 1/1
    54 | D:1      | Reached skill level 1 in Dodging
    64 | D:1      | Reached XP level 2. HP: 10/24 MP: 2/2
   371 | D:1      | Reached XP level 3. HP: 27/29 MP: 3/3
   604 | D:1      | Reached XP level 4. HP: 31/35 MP: 4/4
  1745 | D:2      | Reached XP level 5. HP: 42/42 MP: 5/5
  1996 | D:2      | Found a burning altar of Makhleb.
  2004 | D:2      | Reached skill level 1 in Evocations
  2372 | D:3      | Noticed Ijyb
  2421 | D:3      | Killed Ijyb
  2495 | D:3      | Reached XP level 6. HP: 48/48 MP: 7/7
  2540 | D:3      | Noticed Jessica
  2549 | D:3      | Killed Jessica
  2620 | D:3      | Noticed a wyvern
  2719 | D:3      | Killed a wyvern
  2719 | D:3      | Reached skill level 5 in Shields
  2719 | D:3      | Reached XP level 7. HP: 36/54 MP: 8/8
  3432 | D:4      | Reached skill level 5 in Fighting
  3472 | D:4      | Found a glowing drain.
  3476 | Sewer    | Entered a sewer
  3662 | Sewer    | Found a white marble altar of Elyvilon.
  4058 | D:4      | Reached skill level 5 in Armour
  4238 | D:5      | Entered Level 5 of the Dungeon
  4393 | D:5      | Reached XP level 8. HP: 46/62 MP: 9/9
  4580 | D:5      | Found a blossoming altar of Fedhas.
  4616 | D:5      | Noticed Pikel
  4639 | D:5      | Killed Pikel
  4843 | D:5      | Reached XP level 9. HP: 43/74 MP: 10/10
  5117 | D:5      | Reached skill level 5 in Long Blades
  5498 | D:6      | Noticed Eustachio
  5623 | D:6      | Found a sand-covered staircase.
  5750 | D:6      | Killed Eustachio
  6244 | D:6      | Found a staircase to the Ecumenical Temple.
  6257 | Temple   | Entered the Ecumenical Temple
  6280 | Temple   | Became a worshipper of Warmaster Okawaru
  6580 | D:6      | Reached skill level 1 in Invocations
  6864 | D:7      | Found a basalt altar of Yredelemnul.
  7026 | D:7      | Reached * piety under Okawaru
  7026 | D:7      | Reached XP level 10. HP: 53/80 MP: 11/13
  7100 | D:7      | Reached skill level 5 in Invocations
  7831 | D:7      | Reached ** piety under Okawaru
  9609 | D:9      | Reached *** piety under Okawaru
  9726 | D:9      | Noticed Prince Ribbit
  9855 | D:9      | Killed Prince Ribbit
  9855 | D:9      | Reached XP level 11. HP: 86/86 MP: 17/17
 10269 | D:10     | Entered Level 10 of the Dungeon
 10471 | D:10     | Upgraded the game from 0.25-a0-668-gea548f19b6 to
                  | 0.25-a0-731-g0472a16d6a
 10662 | D:10     | Reached **** piety under Okawaru
 10684 | D:10     | Noticed Erolcha
 10702 | D:10     | Killed Erolcha
 10840 | D:10     | Found a shimmering altar of Xom.
 10840 | D:10     | Found a shimmering altar of Xom.
 10841 | D:10     | Found a shimmering altar of Xom.
 10843 | D:10     | Found a shimmering altar of Xom.
 10854 | D:10     | Noticed Urug
 10882 | D:10     | HP: 4/89 [Urug/+0 demon trident (20)]
 10907 | D:10     | Killed Urug
 11219 | D:10     | Noticed Grum
 11251 | D:10     | Killed Grum
 11496 | D:10     | Reached ***** piety under Okawaru
 12487 | D:11     | Found a staircase to the Lair.
 12487 | D:11     | Noticed an elephant
 12487 | D:11     | Noticed a death yak
 12487 | D:11     | Noticed a manticore
 12529 | D:11     | Killed a death yak
 12529 | D:11     | Reached skill level 10 in Shields
 12578 | D:11     | Killed an elephant
 12584 | D:11     | Reached skill level 10 in Invocations
 12597 | D:11     | Reached XP level 12. HP: 33/95 MP: 19/19
 12935 | D:11     | Reached skill level 5 in Evocations
 13602 | D:11     | Received a gift from Okawaru
 14314 | D:11     | Found a glowing golden altar of the Shining One.
 14828 | D:11     | Noticed a two-headed ogre
 14829 | D:11     | Noticed a two-headed ogre
 14846 | D:11     | Killed a two-headed ogre
 14858 | D:11     | Killed a two-headed ogre
 15399 | D:11     | Upgraded the game from 0.25-a0-731-g0472a16d6a to
                  | 0.25-a0-743-g84dc20635f
 15401 | D:11     | Found a staircase to the Orcish Mines.
 15774 | D:12     | Reached skill level 10 in Fighting
 15823 | D:12     | Mangled by a large slime creature

Levels and vault maps discovered:
D:1:      ebering_hopf_link, layout_basic, minmay_close_crescents
D:2:      layout_basic, makhleb_blood_cavern_becter
D:3:      layout_loops_ring, uniq_jessica, uniq_ijyb
D:4:      layout_loops_ring, gup_sewer_entry_spiral, first_ration,
          grunt_tough_drop
D:5:      layout_basic, lemuel_round_altar, uniq_pikel
D:6:      layout_cave_pools, minmay_temple_entry_waves,
          nicolae_ossuary_entry_giza, uniq_eustachio
D:7:      kennysheep_six_static_rooms, layout_basic, basic_altar, the_bakery
D:8:      layout_loops_ring, minmay_crossroads
D:9:      layout_loops_ring, uniq_prince_ribbit1
D:10:     layout_basic, xom_redecorated, uniq_erolcha, uniq_urug, uniq_grum
D:11:     layout_basic, david_lair_generic, erik_orc_1, basic_altar,
          chequers_arboretum
D:12:     layout_basic, gauntlet_entry_generic, nicolae_tso_swordbearing_angel,
          uniq_sonja
Temple:   nicolae_temple_the_god_donut

Skill      XL: |  1  2  3  4  5  6  7  8  9 10 11 12 |
---------------+-------------------------------------+-----
Dodging        | 1 2 3 |  3.3
Shields        | 4 5 6 7 8 9 10 | 10.4
Long Blades    | 3 4 5 6 7 9 |  9.2
Fighting       | 4 5 8 9 10 | 10.1
Armour         | 4 5 7 9 |  9.1
Evocations     | 2 3 4 5 |  5.0
Invocations    | 4 9 10 | 10.0

Action                   |  1- 3 |  4- 6 |  7- 9 | 10-12 || total
-------------------------+-------+-------+-------+-------++-------
Melee: Long sword        |    88 |   210 |   488 |  1294 ||  2080
Invok: Heroism           |       |       |       |    14 ||    14
       Finesse           |       |       |       |     1 ||     1
 Abil: Dig               |     1 |       |     7 |    16 ||    24
       Evoke Flight      |       |       |     1 |       ||     1
Evoke: Wand              |       |       |     5 |       ||     5
  Use: Scroll            |       |     7 |     9 |     9 ||    25
       Potion            |       |     1 |     1 |     4 ||     6
 Stab: Invisible         |       |       |       |     7 ||     7
       Distracted        |       |       |       |     1 ||     1
  Eat: Chunk             |       |     7 |    12 |    33 ||    52
       Ration            |       |       |     1 |       ||     1
Armor: Scale mail        |    39 |    98 |   128 |     9 ||   274
       Plate armour      |       |       |       |   416 ||   416
Dodge: Dodged            |    27 |    64 |   126 |   238 ||   455
Block: Kite shield       |    56 |    89 |   226 |   658 ||  1029
       Rpst.: Long sword |    10 |    12 |    39 |    70 ||   131

Table legend:
 A = Non-vault XP
 B = Vault XP
 C = Vault XP percentage of total XP
 D = Non-vault monster count
 E = Vault monster count
 F = Vault count percentage of total count
                 A         B        C        D         E       F
            +---------+---------+-------+---------+---------+-------
      Total |   15765 |    6606 |  29.5 |     281 |      67 |  19.3
            +---------+---------+-------+---------+---------+-------
        D:1 |      71 |      12 |  14.5 |      34 |       5 |  12.8
        D:2 |      84 |      45 |  34.9 |      24 |       1 |   4.0
        D:3 |     237 |      75 |  24.0 |      17 |       2 |  10.5
        D:4 |     201 |      81 |  28.7 |      11 |       9 |  45.0
        D:5 |     743 |     663 |  47.2 |      22 |       1 |   4.3
        D:6 |    1081 |     211 |  16.3 |      26 |       4 |  13.3
        D:7 |    1405 |     508 |  26.6 |      31 |       6 |  16.2
        D:8 |     867 |     146 |  14.4 |      19 |       3 |  13.6
        D:9 |    1623 |     277 |  14.6 |      20 |       1 |   4.8
       D:10 |    2597 |    2267 |  46.6 |      29 |       5 |  14.7
       D:11 |    5858 |    2206 |  27.4 |      43 |      21 |  32.8
       D:12 |     998 |       0 |   0.0 |       5 |       0 |   0.0
      Sewer |       0 |     115 | 100.0 |       0 |       9 | 100.0
            +---------+---------+-------+---------+---------+-------
